 Dungeon Crawl Stone Soup version 0.29-a0-670-g5ff2a30383 (webtiles) character file.

Game seed: 5158592898145791568

225 KristoblXynda the Slasher (level 5, 0/46 HPs)
             Began as a Draconian Gladiator on June 24, 2022.
             Slain by an orc wizard
             ... wielding a +1 dagger of speed
              (1 damage)
             ... on level 4 of the Dungeon.
             The game lasted 00:03:04 (3133 turns).

KristoblXynda the Slasher (Draconian Gladiator)     Turns: 3133, Time: 00:03:04

Health: 0/46       AC:  8    Str: 17 (18) XL:     5   Next: 68%
Magic:  0/5        EV: 12    Int:  6 (8)  God:
Gold:   152        SH:  0    Dex: 10 (13) Spells: 4/4 levels left

rFire   . . .      SeeInvis .   a - +0 long sword
rCold   . . .      Faith    .   (no shield)
rNeg    . . .      Spirit   +   (body armour unavailable)
rPois   .          Reflect  .   b - +0 hat
rElec   .          Harm     .   i - +1 cloak
rCorr   .          Rampage  .   r - +0 pair of gloves
Will    .....                   (no boots)
Stlth   +.........              e - amulet of guardian spirit
HPRegen 0.15/turn               (no ring)
MPRegen 0.09/turn               (no ring)

@: no status effects
A: AC +5, unfitting armour, cold-blooded
a: no special abilities


You were on level 4 of the Dungeon.
You visited 1 branch of the dungeon, and saw 4 of its levels.

You collected 152 gold pieces.

Inventory:

Hand Weapons
 a - a +0 long sword (weapon)
Missiles
 c - 3 throwing nets (quivered)
 d - a javelin
Armour
 b - a +0 hat (worn)
 i - a +1 cloak (worn)
 r - a +0 pair of gloves (worn)
Jewellery
 e - an amulet of guardian spirit (around neck)
Scrolls
 g - a scroll of acquirement {unknown}
 h - a scroll of amnesia {unknown}
 j - a scroll of torment {unknown}
 k - a scroll of fog {unknown}
 l - 2 scrolls of teleportation {unknown}
 q - a scroll of vulnerability {unknown}
 u - a scroll of enchant weapon {unknown}
Potions
 f - 3 potions of mutation
 n - a potion of curing {unknown}
 o - a potion of lignification
 p - a potion of invisibility {unknown}
 t - a potion of berserk rage {unknown}
 v - a potion of magic {unknown}


   Skills:
 + Level 3.7 Fighting
 + Level 4.1 Long Blades
 + Level 3.1 Throwing
 + Level 3.7 Dodging


You had 4 spell levels left.
You didn't know any spells.
Your spell library contained the following spells:

 Spells                   Type           Power      Damage    Failure   Level
 Necrotize                Necr           0%         1d4       45%         1
 Vampiric Draining        Necr           0%         2d6       83%         3
 Agony                    Necr           0%         N/A       100%        5


Dungeon Overview and Level Annotations

Branches:
Dungeon (4/15)
 Temple: D:4-7

Altars:
Okawaru
Lugonu

Shops:
D:1 =

Portals:
Abyss: D:3

Annotations:
D:3 2 runed translucent doors


Innate Abilities, Weirdness & Mutations

Your plain brown scales are hard. (AC +5)
You cannot fit into any form of body armour.
You are cold-blooded and may be slowed by cold attacks.


Message History

You barely miss the orc priest.
The orc priest is almost dead.
The orc priest hits you with a +0 short sword.
The orc priest hits you but does no damage.
You barely miss the orc priest.
The orc priest is almost dead.
The orc priest calls down the wrath of Beogh upon you.
Beogh smites you!
* * * LOW HITPOINT WARNING * * *
You barely miss the orc priest.
The orc priest is almost dead.
The orc priest looks braver for a moment.
You closely miss the orc priest.
The orc priest is almost dead.
An orc wizard comes into view. It is wielding a +1 dagger of speed.
The orc priest invokes the aid of Beogh against you.
Beogh smites you!
* * * LOW HITPOINT WARNING * * *
You hear a shout!
You hit the orc priest.
You kill the orc priest!
You barely miss the orc wizard.
The orc wizard hits you but does no damage.
The orc wizard hits you with a +1 dagger of speed.
* * * LOW HITPOINT WARNING * * *
Unknown command.
It was a potion of degeneration.
There was something very wrong with that liquid.
You feel weakened.
You feel dopey.
You feel clumsy.
You feel less wooden.
Your +1 cloak unmelds from your body.
Your +0 hat unmelds from your body.
Your +0 pair of gloves unmelds from your body.
The orc wizard casts a spell at you.
The magic dart hits you but does no damage.
You hit the orc wizard.
The orc wizard is lightly wounded.
The orc wizard hits you with a +1 dagger of speed.
* * * LOW HITPOINT WARNING * * *
The orc wizard hits you with a +1 dagger of speed.
You die...

#...# #.# #.#
##.##.# #. #.
#.....# #.# #.
#.##### ...#.
#...o# #.#.#####
#.##o#
..#.......###'##@#
...<..###.##≈≈≈#.#
#.....'≈≈≈'.#
#.##.##≈≈≈###
#.#..###+##
#.#.##...#
#.#.##<###
#......# ###.####


You could see an orc wizard and an orc.

Vanquished Creatures
  2 orc priests (D:4)
  A jelly (D:3)
  Robin (D:2)
  3 adders
  A worm (D:2)
  4 dart slugs
  An orc (D:4)
  3 bats
  9 endoplasms
  3 giant cockroaches
  16 goblins
  10 hobgoblins
  2 jackals (D:1)
  5 kobolds
  7 quokkas
  7 ball pythons
  5 frilled lizards
  4 rats
84 creatures vanquished.

Vanquished Creatures (others)
  A plant (D:1)
1 creature vanquished.

Grand Total: 85 creatures vanquished

Notes
Turn   | Place    | Note
-------+----------+-------------------------------------------
     0 | D:1      | KristoblXynda the Draconian Gladiator began the quest for
                  | the Orb.
     0 | D:1      | Reached XP level 1. HP: 17/17 MP: 1/1
   111 | D:1      | Reached XP level 2. HP: 22/25 MP: 2/2
   183 | D:1      | Found Eces's One-of-a-Kind Rings.
   574 | D:1      | Reached XP level 3. HP: 30/30 MP: 3/3
  1080 | D:2      | Found a faded altar of an unknown god.
  1145 | D:2      | Noticed Robin
  1173 | D:2      | Killed Robin
  1174 | D:2      | Reached XP level 4. HP: 22/38 MP: 0/4
  2162 | D:3      | Found a large runed translucent door.
  2162 | D:3      | Found a large runed translucent door.
  2163 | D:3      | Found a corrupted altar of Lugonu.
  2176 | D:3      | Found an iron altar of Okawaru.
  2358 | D:3      | Reached XP level 5. HP: 45/45 MP: 3/5
  2395 | D:3      | Found a one-way gate to the infinite horrors of the Abyss.
  3112 | D:4      | Reached skill level 4 in Long Blades
  3133 | D:4      | HP: 1/46 [orc wizard/+1 dagger of speed (2)]
  3133 | D:4      | Slain by an orc wizard

Illustrated notes

Levels and vault maps discovered:
D:1:      dpeg_arrival_pits, layout_loops_ring, serial_forest,
          infiniplex_forest_corner_1, infiniplex_forest_lined_2,
          infiniplex_forest_lined_3, infiniplex_forest_clump_diagonal,
          infiniplex_forest_clump_small, infiniplex_forest_lined_3,
          nicolae_shop_unique_rings, minmay_misc_feat_rows
D:2:      cheibrodos_helix_gallery, layout_rooms, nicolae_ecumenical_oubliette,
          uniq_robin
D:3:      due_chaos_kobolds, layout_basic, okawaru_trees_1
D:4:      layout_loops_cross, nicolae_overflow_hidden_temple,
          minmay_temple_entry_from_below_a, minmay_liquid_box, uniq_natasha

Skill      XL: |  1  2  3  4  5 |
---------------+----------------+-----
Throwing       | 2 3 |  3.1
Dodging        | 3 |  3.7
Fighting       | 3 |  3.7
Long Blades    | 4 |  4.1

Action                   |  1- 3 |  4- 6 || total
-------------------------+-------+-------++-------
Melee: Long sword        |   118 |   142 ||   260
       Tailslap          |     8 |    15 ||    23
  Use: Scroll            |       |     2 ||     2
       Potion            |       |     2 ||     2
 Stab: Sleeping          |     3 |       ||     3
Armor: Skin              |    54 |    80 ||   134
Dodge: Dodged            |    89 |   100 ||   189

Table legend: (Time is in decaauts)
 A = Elapsed time spent in this place.
 B = Non-inter-level travel time spent in this place.
 C = Inter-level travel time spent in this place.
 D = Time resting spent in this place.
 E = Time spent auto-exploring this place.
 F = Levels seen in this place.
 G = Mean time per level.
                   A        B        C        D        E       F      G
               +--------+--------+--------+--------+--------+-----+--------+
         Total |   3193 |   3107 |     86 |    308 |   2164 |   4 |  798.2 |
       Dungeon |   3193 |   3107 |     86 |    308 |   2164 |   4 |  798.2 |
               +--------+--------+--------+--------+--------+-----+--------+

Top non-repeatable levels by time:
     D:2: 1092 daAuts
     D:3: 1071 daAuts
     D:1: 940 daAuts
     D:4: 89 daAuts
